Map: Lerilak Crest

Players

Grumm - Winner!

  • Race: Zerg Zerg
  • League: Gold

crean

  • Race: Terran Terran
  • League: Bronze

VOD

Have the link to the VOD?

Description

Time

  • Played on: Feb. 8, 2016, 6:32 p.m.
  • Length: 16:13
Show
View Real Time Build Order
Export as new Build Order

Grumm Zerg - Winner!

Build Orders: Pool First, Lurkers 

Get SALT Encoding   

  12  0:01  Drone  
  13  0:08  Drone  
  14  0:17  Overlord  
  14  0:35  Spawning Pool  
  13  0:41  Drone x2  
  15  0:45  Drone  
  16  0:56  Overlord  
  16  1:22  Zergling x4  
  18  1:27  Hatchery  
  18  1:29  Zergling x2  
  18  1:36  Extractor  
  18  1:38  Queen  
  19  2:00  Drone x3  
  22  2:19  Drone  
  23  2:52  Hatchery  
  22  3:02  Drone  
  22  3:03  Drone x8  
  30  3:07  Lair  
  30  3:15  Extractor  
  28  3:25  Evolution Chamber  
  27  3:50  Extractor  
  27  3:52  Extractor  
  25  3:57  Metabolic Boost, Spore Crawler  
  25  3:59  Zergling x2  
  25  4:00  Zergling x10  
  30  4:13  Queen  
  30  4:14  Queen  
  34  4:22  Roach Warren  
  33  4:30  Spore Crawler  
  32  4:33  Spine Crawler  
  32  4:35  Drone  
  32  4:36  Drone x2  
  34  4:41  Drone x3  
  37  4:49  Overlord  
  37  5:06  Roach  
  37  5:07  Roach  
  40  5:29  Overlord x3  
  40  5:36  Evolution Chamber  
  40  5:39  Spore Crawler  
  40  5:41  Spine Crawler  
  37  5:55  Roach x4  
  45  5:57  Drone  
  45  6:03  Zerg Missile Weapons Level 1  
  45  6:27  Drone x7  
  52  6:44  Drone  
  52  6:45  Drone x4  
  57  6:56  Hydralisk Den  
  56  7:16  Roach x4  
  64  7:23  Burrow  
  64  7:25  Drone  
  64  7:26  Overlord  
  65  7:32  Spine Crawler  
  55  7:55  Roach x12  
  71  8:14  Overlord x2, Roach  
  73  8:25  Muscular Augments  
  73  8:26  Glial Reconstitution  
  73  8:39  Zerg Ground Armor Level 1  
  73  8:44  Overseer  
  73  8:53  Drone  
  73  8:54  Drone x15  
  89  9:01  Overlord x2  
  89  9:10  Zerg Melee Weapons Level 1  
  89  9:32  Hydralisk  
  89  9:33  Hydralisk x7  
  105  9:48  Extractor  
  105  9:51  Extractor  
  105  9:52  Drone x2, Overlord  
  105  9:53  Overlord x2  
  105  10:40  Lurker Den  
  105  10:42  Roach  
  107  10:43  Nydus Network, Roach x11  
  107  10:45  Drone  
  107  10:47  Overlord x2  
  129  10:51  Zerg Ground Armor Level 2  
  129  11:07  Zergling x16  
  129  11:10  Pneumatized Carapace  
  137  11:43  Hatchery  
  133  12:19  Roach x6  
  99  12:32  Roach  
  99  12:33  Roach x19  
  131  12:50  Zergling x12  
  119  13:07  Hydralisk  
  119  13:08  Hydralisk x4  
  126  13:15  Hydralisk x4  
  116  13:40  Roach  
  130  13:41  Roach x10  
  130  13:42  Queen  
  130  13:46  Zerg Missile Weapons Level 2  
  130  13:48  Zerg Melee Weapons Level 2  
  137  13:52  Lurker x4  
  137  13:53  Lurker x2  
  143  14:01  Zergling x2  
  143  14:02  Zergling x14  
  151  14:10  Overlord x2  
  151  14:11  Overlord  
  118  15:32  Hydralisk x13  
  118  15:33  Hydralisk x12  
  161  16:06  Nydus Canal  
Show
View Real Time Build Order
Export as new Build Order

crean Terran 

Build Orders: MMM Bio 

Get SALT Encoding   

  12  0:01  SCV  
  13  0:13  SCV  
  14  0:19  Supply Depot  
  14  0:25  SCV  
  15  0:40  SCV  
  16  0:43  Barracks  
  16  0:52  SCV  
  17  0:57  Supply Depot  
  17  1:04  SCV  
  18  1:16  SCV  
  19  1:29  SCV  
  19  1:31  Command Center  
  20  1:41  SCV  
  21  1:53  SCV  
  22  2:09  Refinery  
  22  2:34  Command Center  
  22  2:43  Marine  
  23  3:01  Marine  
  23  3:11  Command Center  
  23  3:13  Refinery  
  23  3:15  Orbital Command  
  23  3:17  Refinery  
  23  3:18  Marine  
  24  3:23  Orbital Command  
  24  3:36  Marine  
  25  3:54  Marine, SCV x2  
  28  4:22  Barracks Tech Lab  
  28  4:32  Orbital Command  
  28  4:36  Barracks  
  28  4:42  Barracks  
  28  4:43  Barracks  
  28  4:45  Barracks  
  28  4:47  Barracks  
  28  5:13  Stimpack  
  28  5:43  Factory  
  28  5:44  Factory  
  28  5:47  Factory  
  28  5:51  Orbital Command  
  28  5:57  Orbital Command  
  28  6:14  Barracks Tech Lab x2  
  28  6:16  Barracks Tech Lab  
  28  6:17  Barracks Reactor x2  
  28  6:28  Marauder  
  30  6:33  Starport x2  
  30  6:37  Factory Tech Lab  
  30  6:41  Factory Tech Lab  
  30  6:47  SCV  
  30  6:49  Marauder  
  30  6:52  Marauder x2  
  37  6:56  Marauder, Marine x2  
  37  6:57  Marine x2  
  37  6:59  SCV  
  44  7:10  Marauder  
  44  7:11  SCV  
  44  7:13  Marauder x2  
  44  7:14  Marine x3  
  44  7:15  Marine  
  55  7:17  Marauder  
  57  7:23  Command Center, SCV  
  57  7:27  Command Center  
  58  7:35  SCV  
  59  7:40  Orbital Command  
  56  7:55  Marine x2  
  56  7:56  Marine x4  
  61  8:04  Supply Depot  
  61  8:05  Supply Depot  
  61  8:06  Supply Depot  
  61  8:08  Concussive Shells  
  61  8:11  Combat Shields  
  61  8:23  Factory Tech Lab  
  61  8:25  Marine x8  
  69  8:35  Orbital Command  
  69  8:39  Orbital Command  
  69  8:41  Starport Reactor  
  69  8:43  Marine x2  
  71  8:53  SCV x3  
  74  9:05  SCV  
  74  9:06  SCV x2  
  77  9:17  SCV  
  77  9:18  SCV x2  
  80  9:29  SCV  
  80  9:30  SCV x2  
  83  9:36  Orbital Command  
  83  9:41  SCV  
  83  9:42  SCV  
  85  9:47  SCV  
  86  9:53  SCV  
  86  9:54  SCV  
  86  9:56  Starport Reactor  
  86  9:59  SCV  
  89  10:06  Orbital Command, SCV x2  
  91  10:07  Medivac x2  
  91  10:10  Marauder x4  
  91  10:11  SCV  
  91  10:13  Marine x2  
  91  10:14  Marine x2  
  108  10:31  Marauder x2, Marine  
  108  10:32  Marauder  
  115  10:43  Supply Depot  
  115  10:44  Supply Depot  
  115  10:46  Supply Depot  
  115  10:47  Supply Depot x2  
  115  10:49  Refinery  
  115  10:50  Marine  
  115  10:52  Refinery  
  115  11:02  Supply Depot  
  115  11:05  Medivac x2, Marine x3, Siege Tank x2  
  115  11:06  Marauder  
  115  11:08  Marine  
  115  11:10  Supply Depot  
  115  11:11  Supply Depot  
  131  11:12  SCV x5  
  131  11:13  Supply Depot x2  
  136  11:23  Refinery, Marine x2  
  136  11:24  SCV x5  
  143  11:25  Supply Depot  
  143  11:26  Refinery  
  143  11:29  Viking x2  
  147  11:36  Supply Depot, SCV x3  
  147  11:37  Supply Depot, Viking x2, SCV x2  
  156  11:48  SCV  
  156  11:50  Supply Depot  
  114  12:28  Engineering Bay x2  
  105  12:39  Marauder  
  105  12:40  Marauder x3  
  109  13:01  Marauder x4  
  110  13:11  Orbital Command  
  104  13:22  Marauder  
  104  13:23  Marauder x3  
  108  13:44  Marauder x4  
  108  13:46  Terran Infantry Armor Level 1, Terran Infantry Weapons Level 1  
  114  14:05  Marauder x2, SCV  
  114  14:06  Marauder x2, SCV x3  
  126  14:18  SCV x4  
  126  14:19  Medivac x4  
  137  14:30  SCV x3  
  133  14:42  SCV x3  
  128  14:54  SCV x3  
  107  15:00  Siege Tank  
  60  15:11  Marauder  
  60  15:12  Marine  
  60  15:13  Marine x6  
  40  15:30  Marine x2  
  40  15:31  Marine x5  
  40  15:32  Marine  
  40  15:48  Marine x6  
  40  15:49  Marine  
  43  15:50  Marine  
Tags
 
Add a new tag
Caveats
  • Supply blocks, unpowered buildings, or Contaminate may cause inaccurate times.
  • Supply counts are checked every 10 seconds.